 Dungeon Sprint DCSS version 0.29-a0-653-gd47aff6735 (webtiles) character file.

Game seed: 12940855076969059066

424 purpskrrrp the Fighter (level 6, -2/80 HPs)
             Began as an Ogre Berserker on June 22, 2022.
             Was a Believer of Trog.
             Shot with an arrow by a centaur warrior (21 damage)
             ... in the Dungeon (Sprint I: "Red Sonja").
             The game lasted 00:04:02 (1104 turns).

purpskrrrp the Fighter (Ogre Berserker)             Turns: 1104, Time: 00:04:02

Health: -2/80      AC:  3    Str: 24    XL:     6   Next: 96%
Magic:  6/6        EV: 11    Int:  8    God:    Trog [**....]
Gold:   309        SH:  0    Dex:  8    Spells: 5/5 levels left

rFire   . . .      SeeInvis .   j - +0 giant spiked club
rCold   . . .      Faith    .   (shield currently unavailable)
rNeg    . . .      Spirit   .   b - +0 animal skin
rPois   .          Reflect  .   (helmet restricted)
rElec   .          Harm     .   (no cloak)
rCorr   .          Rampage  .   (gloves unavailable)
Will    .....      NoTele   +   (boots unavailable)
Stlth   +.........              (no amulet)
HPRegen 0.23/turn               (no ring)
MPRegen 0.10/turn               (no ring)

@: no status effects
A: large, unfitting armour, tough skin 1
a: Renounce Religion, Berserk, Trog's Hand


You were in the Dungeon.
You worshipped Trog.
Trog was pleased with you.
You visited 1 branch You collected 309 gold pieces.

Inventory:

Hand Weapons
 a - a +0 hand axe
 j - a +0 giant spiked club (weapon)
Armour
 b - a +0 animal skin (worn)
Wands
 i - a wand of acid (10) (quivered)
Scrolls
 h - a scroll of blinking
Potions
 c - a potion of curing
 d - a potion of heal wounds
 e - a potion of haste
 f - 2 potions of magic
 g - 2 potions of berserk rage


   Skills:
 + Level 11.0 Fighting
 + Level 8.4(8.6) Axes
 + Level 2.4(5.4) Maces & Flails
 + Level 8.2 Dodging
 + Level 0.4 Stealth
 + Level 0.9 Evocations


You had 5 spell levels left.
You didn't know any spells.
Your spell library was empty.

Dungeon Overview and Level Annotations

Branches:
Dungeon (1/1)

Altars:
Cheibriados
Dithmenos
Elyvilon
Fedhas
Gozag
Hepliaklqana
Kikubaaqudgha
Nemelex Xobeh
Okawaru
Qazlal
Ru
Sif Muna
Trog
Uskayaw
Vehumet
Wu Jian
Yredelemnul
Zin
The Shining One

Shops:
D [


Innate Abilities, Weirdness & Mutations

You are too large for most types of armour.
You have tough skin. (AC +1)


Message History

You see here a yak corpse.
There is an ornate altar of the Wu Jian Council here.
You start resting.
HP restored.
You open the door.
Found a forked brass wand and a long sword.
A centaur warrior comes into view.
Aiming: Corrosive Bolt
Press: ? - help, Q - select action, (/) - cycle Shift-Dir - straight line
Okay, then.
The centaur warrior moves out of view.
There is an open door here.
A centaur warrior comes into view.
Aiming: Corrosive Bolt
Press: ? - help, Q - select action, (/) - cycle Shift-Dir - straight line, f - centaur warrior
Aim: a centaur warrior (asleep, 100% to hit)
The bolt of acid hits the centaur warrior!
The acid corrodes the centaur warrior!
The centaur warrior is moderately wounded.
The centaur warrior moves out of view.
You enter the shallow water.
Moving in this stuff is going to be slow.
The centaur warrior wields a +0 shortbow.
The centaur warrior shoots an arrow.
The arrow hits you!!
Something unseen opens the door.
Found a book of Air and 2 scrolls labelled RAGOHA RUUFARA.
There is an open door here.
The centaur warrior shouts!
The centaur warrior shoots an arrow.
The arrow hits you!
The centaur warrior attacks as you move away!
The centaur warrior unwields a +0 shortbow.
The centaur warrior hits you! The centaur warrior barely misses you.
The centaur warrior wields a +0 shortbow.
The centaur warrior shoots an arrow.
The arrow hits you!!
* * * LOW HITPOINT WARNING * * *
The centaur warrior shoots an arrow.
The arrow hits you.
* * * LOW HITPOINT WARNING * * *
There is an open door here.
The centaur warrior shoots an arrow.
The arrow hits you!!
You die...

################
#<.#..'..#.)'..#
#..').#..'..#@.+
#..#####'#####'# ##
#..####..#...#.####/)#
#..#__####..##.#≈§§§.#
#..#_____##'#_.c§§§..+
#⌠⌠#_.∩...†..._#§§§.§#
####_..__##_.#+##§####
#_____###+# :??
####### ###


You could see a centaur warrior (corroded).

Vanquished Creatures
  Sigmund (D)
  A yak (D)
  An ogre (D)
  A jelly (D)
  Ijyb (D)
5 creatures vanquished.

Notes
Turn   | Place    | Note
-------+----------+-------------------------------------------
     0 | D        | purpskrrrp the Ogre Berserker began the quest for the Orb.
     0 | D        | Reached XP level 1. HP: 24/24 MP: 1/1
     1 | D        | Noticed Ijyb
    10 | D        | Killed Ijyb
    11 | D        | Reached skill level 5 in Fighting
    11 | D        | Reached XP level 2. HP: 13/36 MP: 2/2
    11 | D        | Reached XP level 3. HP: 16/44 MP: 3/3
   233 | D        | Noticed an ogre
   237 | D        | Killed an ogre
   238 | D        | Reached skill level 7 in Fighting
   238 | D        | Reached skill level 5 in Dodging
   238 | D        | Reached XP level 4. HP: 57/57 MP: 4/4
   297 | D        | Noticed Sigmund
   317 | D        | Killed Sigmund
   317 | D        | Reached ** piety under Trog
   318 | D        | Reached skill level 9 in Fighting
   318 | D        | Reached XP level 5. HP: 8/68 MP: 5/5
   318 | D        | Reached XP level 6. HP: 9/78 MP: 6/6
   730 | D        | Found an ornate altar of the Wu Jian Council.
   730 | D        | Found a shimmering blue altar of Sif Muna.
   733 | D        | Found a radiant altar of Vehumet.
   739 | D        | Reached skill level 10 in Fighting
   739 | D        | Reached skill level 1 in Maces & Flails
   914 | D        | Found Zitofex's Armour Emporium.
   914 | D        | Found an ancient bone altar of Kikubaaqudgha.
   914 | D        | Found a hazy altar of Hepliaklqana.
   914 | D        | Found a stormy altar of Qazlal.
   914 | D        | Found a hide-covered altar of Uskayaw.
   914 | D        | Found a blossoming altar of Fedhas.
   914 | D        | Found a bloodstained altar of Trog.
   914 | D        | Found an iron altar of Okawaru.
   914 | D        | Found a basalt altar of Yredelemnul.
   914 | D        | Found a glowing golden altar of the Shining One.
   914 | D        | Found a snail-covered altar of Cheibriados.
   914 | D        | Found a sacrificial altar of Ru.
   914 | D        | Found a glowing silver altar of Zin.
   914 | D        | Found a shadowy altar of Dithmenos.
   914 | D        | Found a white marble altar of Elyvilon.
   914 | D        | Noticed a yak
   920 | D        | Killed a yak
   921 | D        | Reached skill level 11 in Fighting
   921 | D        | Found an opulent altar of Gozag.
   922 | D        | Found a sparkling altar of Nemelex Xobeh.
  1091 | D        | Noticed a centaur warrior
  1098 | D        | Noticed a centaur warrior
  1104 | D        | Shot with an arrow by a centaur warrior

Illustrated notes

Levels and vault maps discovered:
D:        dungeon_sprint_1 [red_sonja_temple_1, red_sonja_temple_small_1]

Skill      XL: |  1  2  3  4  5  6 |
---------------+-------------------+-----
Fighting       | 5 7 9 11 | 11.0
Axes           | 4 6 7 8 |  8.4
Dodging        | 4 5 7 8 |  8.2
Maces & Flails | 2 |  2.4
Stealth        | |  0.4
Evocations     | |  0.9

Action                   |  1- 3 |  4- 6 || total
-------------------------+-------+-------++-------
Melee: Hand axe          |     9 |       ||     9
       Giant spiked club |       |    21 ||    21
Invok: Berserk           |     2 |     1 ||     3
Evoke: Wand              |     1 |     3 ||     4
  Use: Scroll            |       |     1 ||     1
Armor: Animal skin       |       |     1 ||     1
Dodge: Dodged            |     3 |     9 ||    12

Table legend: (Time is in decaauts)
 A = Elapsed time spent in this place.
 B = Non-inter-level travel time spent in this place.
 C = Inter-level travel time spent in this place.
 D = Time resting spent in this place.
 E = Time spent auto-exploring this place.
 F = Levels seen in this place.
 G = Mean time per level.
                   A        B        C        D        E       F      G
               +--------+--------+--------+--------+--------+-----+--------+
         Total |   1152 |   1130 |     22 |   1009 |     13 |   1 | 1152.0 |
       Dungeon |   1152 |   1130 |     22 |   1009 |     13 |   1 | 1152.0 |
               +--------+--------+--------+--------+--------+-----+--------+

Top non-repeatable levels by time:
       D: 1152 daAuts
